 Dungeon Crawl Stone Soup version 0.26-a0-812-g31a745ddcd (webtiles) character file.

Game seed: 12361542815500087112

3043 nicanaca0 the Unseen (level 9, -3/45 HPs)
             Began as a Spriggan Brigand on Nov 23, 2020.
             Was an Initiate of Wu Jian.
             Killed by divine providence
             ... invoked by a meliai
              (9 damage)
             ... on level 9 of the Dungeon.
             The game lasted 00:26:12 (10188 turns).

nicanaca0 the Unseen (Spriggan Brigand)            Turns: 10188, Time: 00:26:12

Health: -3/45      AC:  3    Str:  6    XL:     9   Next: 56%
Magic:  10/10      EV: 28    Int: 12    God:    Wu Jian [......]
Gold:   542        SH:  0    Dex: 30    Spells: 8/8 levels left

rFire    . . .     SeeInvis +   D - +5 rapier "Huecoosa" {vorpal, rN+ Dex+3}
rCold    + . .     Faith    +   (shield restricted)
rNeg     + . .     Spirit   .   b - +1 robe
rPois    +         Reflect  .   (helmet restricted)
rElec    +         Harm     .   a - scarf {shadows}
rCorr    .         Rampage  .   (gloves unavailable)
MR       +....                  (boots unavailable)
Stlth    +++++++...             L - amulet of the Cricket {Faith rElec rC+ Str-3}
HPRegen  0.15/turn              E - +6 ring of dexterity
MPRegen  0.12/turn              v - ring of poison resistance

@: very quick
A: very small, unfitting armour, antennae 1, see invisible, speed 3, strong 1,
wild magic 2
a: Renounce Religion


You were on level 9 of the Dungeon.
You worshipped Wu Jian.
Wu Jian was noncommittal.
You visited 2 branches of the dungeon, and saw 10 of its levels.

You collected 542 gold pieces.

Inventory:

Hand Weapons
 n - a +2 dagger of electrocution
 D - the +5 rapier "Huecoosa" (weapon) {vorpal, rN+ Dex+3}
   (You found it on level 6 of the Dungeon)

   It inflicts extra damage upon your enemies.
   It affects your dexterity (+3).
   It protects you from negative energy.
 G - a +2 dagger of venom
 I - a cursed +5 short sword of freezing
Missiles
 d - 42 poisoned darts (quivered)
 e - 3 curare-tipped darts
 i - 213 stones
 r - 3 throwing nets
Armour
 a - a scarf of shadows (worn)
 b - a +1 robe (worn)
 s - a scarf of resistance
Jewellery
 c - an uncursed amulet of regeneration
 q - an uncursed ring of protection from cold
 u - an uncursed ring of protection from fire
 v - a ring of poison resistance (right hand)
 B - an uncursed ring of magical power
 E - a +6 ring of dexterity (left hand)
 L - the amulet of the Cricket (around neck) {Faith rElec rC+ Str-3}
   (You found it on level 8 of the Dungeon)

   [amulet of faith]

   It allows you to gain divine favour quickly.
   It affects your strength (-3).
   It protects you from cold.
   It insulates you from electricity.
 O - an uncursed amulet of magic regeneration {unknown}
Wands
 y - a wand of flame (25)
 H - a wand of iceblast (5)
 K - a wand of enslavement (1)
 N - a wand of polymorph (6)
Scrolls
 f - 3 scrolls of magic mapping
 g - a scroll of teleportation
 h - 4 scrolls of enchant weapon {unknown}
 o - 3 scrolls of remove curse {@r2}
 t - 3 scrolls of amnesia
 x - 3 scrolls of immolation
 C - 3 scrolls of fear
 F - 3 scrolls of identify {@r1}
 J - a scroll of blinking
 M - a scroll of noise {unknown}
 P - a scroll of silence {unknown}
Potions
 j - 2 potions of mutation
 k - 3 potions of curing {@q1}
 l - a potion of invisibility
 m - a potion of brilliance
 p - 5 potions of heal wounds {@q2}
 w - 3 potions of haste
 z - a potion of attraction
 A - a potion of lignification
 Q - a potion of magic {unknown}


   Skills:
 + Level 4.2 Fighting
 - Level 3.0 Short Blades
 - Level 5.0 Throwing
 + Level 8.6 Dodging
 * Level 15.2 Stealth


You had 8 spell levels left.
You didn't know any spells.
Your spell library was empty.

Dungeon Overview and Level Annotations

Branches:
Dungeon (9/15)             Temple (1/1) D:4
   Lair: D:8-11         Orc: D:9-12

Altars:
Elyvilon
Fedhas
Hepliaklqana
Kikubaaqudgha
Makhleb
Ru
Sif Muna
Vehumet
Wu Jian
The Shining One

Annotations:
D:2 exclusion: oklob plant
D:5 2 runed translucent doors


Innate Abilities, Weirdness & Mutations

You are very small and have problems with some larger weapons.
You are too small for most types of armour.
You have supernaturally acute eyesight. (SInv)
You cover ground extremely quickly.
You have a pair of small antennae on your head.
Your muscles are strong. (Str +2)
Your spells are harder to cast, but more powerful.


Message History

The meliai buzzes angrily.
You hear an angry buzzing noise.
The adder completely misses you.
The meliai invokes the aid of its god against you.
Something smites you!
A meliai comes into view.
It is wielding a +0 war axe of electrocution.
A meliai comes into view. It is wielding a +0 war axe.
The adder misses you.
Found 22 gold pieces.
The meliai buzzes angrily.
You hit the adder.
The adder is severely wounded.
The adder completely misses you.
The meliai mumbles some strange prayers to its god against you.
Something smites you! The adder bites you.
The meliai mumbles some strange prayers to its god against you.
Something smites you!
* * * LOW HITPOINT WARNING * * *
The meliai calls down the wrath of its god upon you.
Something smites you!
You die...

.$...........#####...
......................
...y..................
.......>..............
........#####.........
....y...# #.........##
......y.# #...........
.......S# #...........
.......@#####...........
#.?.....................
##......................
##.....................
##....................
##...................
##.................#
##......<........##
################


You could see 3 meliai and an adder.

Vanquished Creatures
  Grinder (D:4)
  A water moccasin (D:7)
  A sky beast (D:8)
  Purgy (D:3)
  2 black bears
  2 orc warriors (D:6)
  3 ogres
  2 phantoms
  3 centaurs
  A bullfrog (D:7)
  A gnoll sergeant (D:7)
  2 scorpions (D:6)
  3 killer bees
  3 wights (D:6)
  A howler monkey (D:6)
  2 bullfrog zombies (D:5)
  2 jellies
  An orc priest (D:3)
  2 hounds
  2 bullfrog skeletons
  4 iguanas
  4 orc wizards
  4 worker ants
  A hound skeleton (D:7)
  A worker ant zombie (D:6)
  9 gnolls
  11 adders
  2 shadow imps
  A white imp (D:6)
  An ufetubus (D:8)
  3 oozes
  An adder zombie (D:5)
  2 adder skeletons
  3 worms
  3 dart slugs
  6 leopard geckos
  24 orcs
  5 giant cockroaches
  6 goblins
  13 hobgoblins
  13 jackals
  7 kobolds
  5 quokkas
  A ball python skeleton (D:5)
  9 bats
  6 frilled lizards
  2 giant cockroach zombies (D:5)
  A jackal skeleton (D:6)
  A jackal zombie (D:7)
  A rat (D:2)
186 creatures vanquished.

Vanquished Creatures (others)
  4 plants (D:7)
  A withered plant (D:5)
5 creatures vanquished.

Grand Total: 191 creatures vanquished

Notes
Turn   | Place    | Note
-------+----------+-------------------------------------------
     0 | D:1      | nicanaca0 the Spriggan Brigand began the quest for the Orb.
     0 | D:1      | Reached XP level 1. HP: 10/10 MP: 2/2
    73 | D:1      | Reached skill level 6 in Stealth
   258 | D:1      | Reached XP level 2. HP: 13/14 MP: 3/3
  1264 | D:2      | Reached XP level 3. HP: 17/18 MP: 4/4
  1565 | D:2      | Reached skill level 7 in Stealth
  1576 | D:2      | Found a faded altar of an unknown god.
  2033 | D:2      | Found a blossoming altar of Fedhas.
  2048 | D:2      | Noticed an oklob plant
  2157 | D:2      | Reached XP level 4. HP: 17/22 MP: 5/5
  2875 | D:3      | Noticed Purgy
  2877 | D:3      | Killed Purgy
  2877 | D:3      | Reached skill level 8 in Stealth
  2877 | D:3      | Reached XP level 5. HP: 25/25 MP: 6/6
  3737 | D:3      | Reached XP level 6. HP: 6/30 MP: 7/7
  3738 | D:3      | HP: 1/30 [orc wizard/+0 dagger (5)]
  3786 | D:3      | HP: 1/30 [dart slug/slug dart (3)]
  3788 | D:3      | Gained mutation: You are clumsy. (Dex -2) [potion of
                  | mutation]
  3788 | D:3      | Gained mutation: You tend to lose your temper in combat.
                  | [potion of mutation]
  3788 | D:3      | Gained mutation: You have a pair of small horns on your
                  | head. [potion of mutation]
  4101 | D:3      | Reached skill level 9 in Stealth
  4538 | D:4      | Found a shimmering blue altar of Sif Muna.
  4723 | D:4      | You fall into a shaft and drop 1 floor!
  4723 | D:5      | Entered Level 5 of the Dungeon
  4817 | D:5      | Reached skill level 5 in Dodging
  4974 | D:5      | Lost mutation: You are clumsy. (Dex -2) [potion of
                  | mutation]
  4974 | D:5      | Lost mutation: You tend to lose your temper in combat.
                  | [potion of mutation]
  4974 | D:5      | Lost mutation: You have a pair of small horns on your head.
                  | [potion of mutation]
  4974 | D:5      | Gained mutation: Your muscles are strong. (Str +2) [potion
                  | of mutation]
  4974 | D:5      | Gained mutation: Your spells are a little harder to cast,
                  | but a little more powerful. [potion of mutation]
  4974 | D:5      | Gained mutation: You have a pair of small antennae on your
                  | head. [potion of mutation]
  4974 | D:5      | Gained mutation: Your spells are harder to cast, but more
                  | powerful. [potion of mutation]
  5016 | D:5      | Reached XP level 7. HP: 17/33 MP: 8/8
  5180 | D:5      | Found a runed translucent door.
  5200 | D:5      | Reached skill level 10 in Stealth
  5208 | D:5      | Found a runed translucent door.
  5551 | D:4      | Found a staircase to the Ecumenical Temple.
  5589 | D:4      | Noticed Grinder
  5596 | D:4      | Killed Grinder
  5596 | D:4      | Reached skill level 5 in Throwing
  5596 | D:4      | Reached skill level 11 in Stealth
  6396 | D:5      | Reached skill level 12 in Stealth
  6396 | D:5      | Reached XP level 8. HP: 37/37 MP: 9/9
  6805 | D:6      | Got a warped rapier
  6805 | D:6      | Identified the +5 rapier "Huecoosa" {vorpal, rN+ Dex+3}
                  | (You found it on level 6 of the Dungeon)
  6877 | D:6      | You fall into a shaft and drop 3 floors!
  6973 | D:7      | Found a hazy altar of Hepliaklqana.
  7341 | D:6      | Reached skill level 13 in Stealth
  7959 | D:7      | Found a burning altar of Makhleb.
  7992 | D:7      | You fall into a shaft and drop 1 floor!
  8015 | D:8      | Reached XP level 9. HP: 44/44 MP: 10/10
  8096 | D:8      | Reached skill level 14 in Stealth
  8168 | D:8      | Got a fine crystal amulet
  8239 | D:7      | Identified the amulet of the Cricket {Faith rElec rC+
                  | Str-3} (You found it on level 8 of the Dungeon)
  8727 | D:7      | Found a radiant altar of Vehumet.
  8727 | D:7      | Found a white marble altar of Elyvilon.
  8729 | D:7      | Found a sacrificial altar of Ru.
  8979 | D:7      | Reached skill level 15 in Stealth
  9225 | Temple   | Entered the Ecumenical Temple
  9231 | Temple   | Became a worshipper of the Wu Jian Council
 10183 | D:9      | Noticed a meliai
 10185 | D:9      | Noticed a meliai
 10185 | D:9      | Noticed a meliai
 10188 | D:9      | Killed from afar by a meliai

Illustrated notes

Levels and vault maps discovered:
D:1:      minmay_arrival_wavy_path, layout_loops_corners, st_stairs_13,
          minmay_heptomino_o4
D:2:      layout_basic, tgw_fedhas, chequers_ecumenical_altar_simple
D:3:      layout_basic, uniq_purgy
D:4:      layout_cave_pods, temple_fountains, lemuel_blue_sif_altar,
          uniq_grinder
D:5:      lemuel_insect_pit, layout_loops_corners, serial_undead,
          serial_undead_b, serial_undead_b, serial_undead_e, serial_undead_a
D:6:      layout_loops_ring, hangedman_glass_teeth
D:7:      layout_rooms, chequers_temple_overflow_statue_of_worship,
          gammafunk_temple_overflow_forgotten, eino_tiny_chamber
D:8:      layout_layer_cave
D:9:      layout_big_octagon, uniq_maggie, uniq_pikel, uniq_maurice
Temple:   kb_temple_of_zot

Skill      XL: |  1  2  3  4  5  6  7  8  9 |
---------------+----------------------------+-----
Stealth        | 6 7 8 9 12 13 15 | 15.2
Dodging        | 2 3 4 5 7 8 |  8.6
Throwing       | 3 4 5 |  5.0
Short Blades   | 3 |  3.0
Fighting       | 3 4 |  4.2

Action                   |  1- 3 |  4- 6 |  7- 9 || total
-------------------------+-------+-------+-------++-------
Melee: Dagger            |   106 |   223 |    39 ||   368
       Headbutt          |       |     4 |       ||     4
       Rapier            |       |       |   169 ||   169
Throw: Dart              |    20 |    18 |    37 ||    75
       Stone             |       |     1 |       ||     1
Invok: Lunge             |       |       |     4 ||     4
Evoke: Wand              |       |       |     5 ||     5
  Use: Scroll            |       |    11 |     9 ||    20
       Potion            |       |     2 |     1 ||     3
 Stab: Sleeping          |     8 |    13 |    37 ||    58
       Distracted        |       |     1 |     3 ||     4
Armor: Robe              |     9 |    27 |     6 ||    42
Dodge: Dodged            |    72 |   188 |   144 ||   404

Table legend: (Time is in decaauts)
 A = Elapsed time spent in this place.
 B = Non-inter-level travel time spent in this place.
 C = Inter-level travel time spent in this place.
 D = Time resting spent in this place.
 E = Time spent auto-exploring this place.
 F = Levels seen in this place.
 G = Mean time per level.
                   A        B        C        D        E       F      G
               +--------+--------+--------+--------+--------+-----+--------+
         Total |   7478 |   7211 |    267 |   1199 |   4113 |  10 |  747.8 |
       Dungeon |   7469 |   7207 |    262 |   1199 |   4113 |   9 |  829.9 |
        Temple |      8 |      4 |      4 |      0 |      0 |   1 |    8.0 |
               +--------+--------+--------+--------+--------+-----+--------+

Top non-repeatable levels by time:
     D:3: 1469 daAuts
     D:2: 1119 daAuts
     D:5: 963 daAuts
     D:1: 872 daAuts
     D:7: 818 daAuts
     D:6: 791 daAuts
     D:4: 703 daAuts
     D:8: 673 daAuts
     D:9: 56 daAuts
  Temple: 8 daAuts
